 Dungeon Crawl Stone Soup version 0.17-a0-957-ga3519be (webtiles) character file.

128 FedoraBrony69 the Conjurer (level 4, -1/24 HPs)
             Began as a Deep Elf Conjurer on May 7, 2015.
             Slain by a worker ant (4 damage)
             ... on level 3 of the Dungeon.
             The game lasted 00:06:04 (1944 turns).

FedoraBrony69 the Conjurer (Deep Elf Conjurer)      Turns: 1944, Time: 00:06:05

Health: -1/24      AC:  3    Str:  5    XL:     4   Next: 87%
Magic:  0/13       EV: 13    Int: 21    God:
Gold:   119        SH:  0    Dex: 15    Spells: 1 memorised, 12 levels left

rFire  . . .     SeeInvis .     r - +1 dagger (pain)
rCold  . . .     Clarity  .     a - +0 robe
rNeg   . . .     SustAb   .     (no shield)
rPois  .         Gourm    .     (no helmet)
rElec  .         Spirit   +     l - +0 cloak
rCorr  .         Warding  .     (no gloves)
rMut   .         Stasis   .     (no boots)
MR     .....                    d - amulet of guardian spirit
Stlth  ++........               (no ring)
                                (no ring)

@: not resistant to hostile enchantments, unstealthy
A: no striking features
a: no special abilities


You were on level 3 of the Dungeon.
You were not hungry.

You visited 1 branch of the dungeon, and saw 3 of its levels.

You collected 119 gold pieces.

Inventory:

Hand weapons
 i - a +0 spear
 r - a +1 dagger of pain (weapon)
Armour
 a - a +0 robe (worn)
 h - a cursed +0 leather armour
 l - a +0 cloak (worn)
Jewellery
 d - an amulet of guardian spirit (around neck)
Scrolls
 e - a scroll of remove curse {unknown}
 f - 2 scrolls of identify {unknown}
 j - a scroll of amnesia {unknown}
 p - a scroll of fear {unknown}
Potions
 m - a potion of lignification {unknown}
 n - a potion of agility {unknown}
Books
 b - a book of Conjurations

   Spells                             Type                      Level
   a - Magic Dart                     Conjuration                  1
   b - Searing Ray                    Conjuration                  2
   c - Dazzling Spray                 Conjuration/Hexes            3
   d - Fulminant Prism                Conjuration/Hexes            4
   e - Iskenderun's Mystic Blast      Conjuration                  4
   f - Iskenderun's Battlesphere      Conjuration/Charms           5
Comestibles
 c - 2 bread rations
 g - a slice of pizza
 k - a meat ration
 o - a beef jerky
 q - 3 chunks of flesh


   Skills:
 - Level 2.4 Dodging
 - Level 2.4 Stealth
 + Level 5.4 Spellcasting
 + Level 5.7 Conjurations


You had 12 spell levels left.
You knew the following spells:

 Your Spells              Type           Power        Failure   Level  Hunger
a - Magic Dart            Conj           ####         1%          1    None


Dungeon Overview and Level Annotations

Branches:
Dungeon (3/15)

Altars:


Message History

The worker ant closely misses you. The worker ant closely misses you.
The worker ant bites you.
* * * LOW HITPOINT WARNING * * *
There is an open door here.
The worker ant bites you but does no damage.
There is an open door here.
Casting: Magic Dart
Confirm with . or Enter, or press ? or * to list all spells.
Aiming: Magic Dart
Press: ? - help, Shift-Dir - straight line, f/p - orc
Aim: an orc, wielding a mace of holy wrath and wearing a leather armour The magic dart hits the worker ant.
The worker ant is moderately wounded.
The worker ant bites you.
* * * LOW HITPOINT WARNING * * *
You hit the worker ant but do no damage.
The worker ant is moderately wounded.
The worker ant bites you.
You die...

.#...#.....#.#.# .#.#########.#.#
######## (....†.......#.#
#......# .#.###########.#
#......# .#.#..#........#
#......# .#.#.##.#####..#
#......# ...#.##.# #..# #......#
...#.##.# #..###...)..#########
#..#...(# #...@ao.....'........
#....########.####......#########
#....'........# #......#
#....####################
#....).......(...>.....#
######################.#
.....................#.#
############..######.#.#
#.........#.#


You could see a worker ant and an orc.

Vanquished Creatures
  An orc wizard (D:3)
  3 adders (D:2)
  2 oozes (D:1)
  A worm (D:3)
  A giant gecko (D:1)
  7 orcs (D:3)
  4 giant cockroaches
  5 hobgoblins
  A quokka (D:3)
  6 bats
  A giant gecko skeleton (D:3)
  2 giant newts
  7 goblins
  7 kobolds
  5 rats
53 creatures vanquished.

Notes
Turn   | Place    | Note
--------------------------------------------------------------
     0 | D:1      | FedoraBrony69, the Deep Elf Conjurer, began the quest for the Orb.
     0 | D:1      | Reached XP level 1. HP: 10/10 MP: 6/6
   139 | D:1      | Reached XP level 2. HP: 1/15 MP: 0/8
   796 | D:1      | Reached XP level 3. HP: 19/19 MP: 6/10
   943 | D:2      | Reached skill level 5 in Conjurations
  1223 | D:2      | Reached XP level 4. HP: 24/24 MP: 8/12
  1834 | D:3      | Reached skill level 5 in Spellcasting
  1944 | D:3      | Slain by a worker ant

Action                   |  1- 3 |  4- 6 || total
-------------------------+-------+-------++-------
Melee: Unarmed           |     2 |       ||     2
       Dagger            |       |     4 ||     4
Throw: Tomahawk          |    10 |       ||    10
 Cast: Magic Dart        |    75 |    33 ||   108
  Use: Potion            |     3 |       ||     3
  Eat: Chunk             |     1 |     2 ||     3
